AoeStats
← 859

Arena

508829453Analyzed
4v4 RM · 9d ago on Sep 24, 2026· 27m 37s· 8 players
Game mode
Random Map
Map size
Large (8 player)
Population
200
Speed
Normal
Resources
Standard
Victory
Conquest
Starting age
Dark Age
Ending age
Imperial Age
RankedLock teamsTeams togetherTeam positionsShared explorationLock speedFull tech treeHidden civsTurbo modeCheats
Victory
Defeat
🇨🇦 Danes · Canada
1413
+12
🇦🇺 Lithuanians · Australia
1327
+16
🇮🇳 Ethiopians · India
1183
+21
🇹🇼 Varangians · Taiwan
1146
+24
🇨🇳 Franks · China
1325
-19
🇹🇼 Saxons · Taiwan
1320
-18
🇨🇳 Teutons · China
1311
-18
🇮🇳 Sicilians · India
1301
-18
859
10:46 Feudal Age
12:22 Double-Bit Axe
15:08 Castle Age
13:38 Horse Collar
15:57 Wheelbarrow
16:22 Bow Saw
16:15 Heavy Plow
28:17 Imperial Age
27:29 Scale Barding Armor
LocalMomsHelper
10:19 Feudal Age
14:04 Castle Age
nikhdy
10:56 Feudal Age
12:34 Double-Bit Axe
14:52 Castle Age
14:17 Horse Collar
14:38 Stone Mining
20:34 Wheelbarrow
20:16 Fletching
苍真
11:36 Feudal Age
Slippery
10:10 Feudal Age
14:36 Castle Age
12:55 Double-Bit Axe
13:52 Horse Collar
17:36 Heavy Plow
19:41 Bow Saw
19:20 Loom
21:26 Fervor
21:54 Wheelbarrow
23:29 Hand Cart
23:08 Gold Mining
25:59 Stone Mining
29:04 Imperial Age
27:47 Scale Barding Armor
27:53 Forging
恨海情天
10:45 Feudal Age
13:17 Double-Bit Axe
15:40 Castle Age
14:22 Horse Collar
18:05 Bow Saw
17:58 Heavy Plow
21:34 Wheelbarrow
23:01 Loom
24:14 Gold Mining
24:52 Hand Cart
24:35 Stone Mining
24:59 Forging
24:49 Scale Mail Armor
26:21 Town Watch
夕陽傳說
10:20 Feudal Age
11:07 Double-Bit Axe
14:22 Castle Age
12:30 Horse Collar
18:22 Loom
20:31 Bow Saw
22:19 Wheelbarrow
24:54 Hand Cart
25:11 Heavy Plow
25:02 Gold Mining
29:57 Imperial Age
27:30 Scale Mail Armor
27:17 Town Watch
27:53 Fortified Wall
koppzer
10:19 Feudal Age
14:19 Castle Age
12:36 Double-Bit Axe
12:31 Horse Collar
13:33 Gold Mining
15:21 Bow Saw
15:38 Loom
24:44 Wheelbarrow
24:41 Heavy Plow
26:22 Scale Mail Armor
27:45 Forging
Connection lost

Rejoining the realm…

Still unreachable

The connection could not be restored.

Session expired

The server has moved on; the page needs a fresh start.